 Dungeon Crawl Stone Soup version 0.21.1-1-g345015f (webtiles) character file.

123 zishaf the Chopper (level 4, 0/33 HPs)
             Began as a Demonspawn Gladiator on May 14, 2018.
             Killed from afar by Sigmund (6 damage)
             ... with a magic dart
             ... on level 3 of the Dungeon.
             The game lasted 00:04:46 (1837 turns).

zishaf the Chopper (Demonspawn Gladiator)           Turns: 1837, Time: 00:04:46

Health: 0/33       AC:  8    Str: 20    XL:     4   Next: 80%
Magic:  4/4        EV: 12    Int:  9    God:
Gold:   88         SH:  0    Dex: 15    Spells: 3/3 levels left

rFire    . . .     SeeInvis .   a - +0 war axe
rCold    . . .     Gourm    +   (no shield)
rNeg     . . .     Faith    .   i - +0 ring mail
rPois    .         Spirit   .   c - +0 helmet
rElec    .         Reflect  .   (no cloak)
rCorr    .         Harm     .   (no gloves)
MR       .....                  (no boots)
Stlth    +.........             e - amulet of the gourmand
HPRegen  0.11/turn              (no ring)
MPRegen  0.09/turn              (no ring)

@: mighty, drained
A: claws 1, thin metallic scales 1, powered by pain 1
a: no special abilities


You were on level 3 of the Dungeon.
You were completely stuffed.

You visited 1 branch of the dungeon, and saw 3 of its levels.

You collected 88 gold pieces.

Inventory:

Hand Weapons
 a - a +0 war axe (weapon)
Missiles
 d - 3 throwing nets (quivered)
Armour
 c - a +0 helmet (worn)
 i - a +0 ring mail (worn)
Jewellery
 e - an amulet of the gourmand (around neck)
 n - an uncursed ring of ice
 o - an uncursed amulet of magic regeneration
Wands
 p - a wand of flame (24)
Scrolls
 b - a scroll of teleportation {unknown}
 j - a scroll of identify {unknown}
 l - a scroll of remove curse {unknown}
 m - a scroll of amnesia {unknown}
Potions
 h - a potion of curing {unknown}
 k - a potion of brilliance {unknown}
 q - a potion of resistance {unknown}
 r - a potion of magic {unknown}
 s - a potion of flight {unknown}
Comestibles
 f - 3 rations


   Skills:
 + Level 2.2(2.0) Fighting
 - Level 5.0(4.7) Axes
 - Level 1.7(1.5) Throwing
 - Level 2.6(2.4) Dodging


You had 3 spell levels left.
You didn't know any spells.

Dungeon Overview and Level Annotations

Branches:
Dungeon (3/15)

Altars:

Annotations:
D:3 Sigmund


Innate Abilities, Weirdness & Mutations

You have sharp fingernails.
You are partially covered in thin metallic scales. (AC +2)
You sometimes gain a little power by taking damage.


Message History

You kill the worm!
Something hits you.
An orc comes into view. It is wielding a whip.
You barely miss something. You slash the orc priest! Something hits you.
The orc priest casts a cantrip, but nothing happens.
You closely miss the orc priest.
The orc priest is heavily wounded.
You slash something!
The orc priest invokes the aid of Beogh against you.
Pain shoots through your body! Something hits you.
* * * LOW HITPOINT WARNING * * *
You completely miss the orc priest.
The orc priest is heavily wounded.
You barely miss something.
The orc priest hits you but does no damage.
You feel drained.
You hear some strange, mumbled words.
A magic dart appears from out of thin air!
The magic dart hits you!
You die...

)...#
##.........#....#
....#
...........#....#
.#### #..........#
##.# ..
#.#####'#### # ##
# #..#
..#####.######.#
...........o..o.
#########)#####..#
......{@oo.#
......††o..#
............#
..........#.#
..........#.#
.......$..#.#
..........#.#
..........#


You could see an orc priest and 2 orcs.

Vanquished Creatures
  Jessica (D:3)
  4 adders (D:2)
  2 worms (D:3)
  A dart slug (D:1)
  2 orcs (D:3)
  A ball python (D:2)
  3 giant cockroaches
  6 hobgoblins
  4 jackals (D:1)
  A quokka (D:2)
  6 bats (D:1)
  6 frilled lizards
  5 goblins (D:1)
  9 kobolds
  5 rats
56 creatures vanquished.

Notes
Turn   | Place    | Note
-------+----------+-------------------------------------------
     0 | D:1      | zishaf the Demonspawn Gladiator began the quest for the Orb.
     0 | D:1      | Reached XP level 1. HP: 16/16 MP: 1/1
    37 | D:1      | Reached skill level 3 in Axes
    84 | D:1      | Gained mutation: You are partially covered in thin metallic scales. (AC +2) [demonic ancestry]
    84 | D:1      | Reached XP level 2. HP: 22/22 MP: 2/2
   451 | D:1      | Gained mutation: You have sharp fingernails. [demonic ancestry]
   451 | D:1      | Reached XP level 3. HP: 21/27 MP: 3/3
   852 | D:2      | Reached skill level 4 in Axes
  1126 | D:2      | Gained mutation: You sometimes gain a little power by taking damage. [demonic ancestry]
  1126 | D:2      | Reached XP level 4. HP: 29/33 MP: 4/4
  1403 | D:2      | Found a faded altar of an unknown god.
  1590 | D:3      | Noticed Jessica
  1598 | D:3      | Killed Jessica
  1598 | D:3      | Reached skill level 5 in Axes
  1823 | D:3      | Noticed Sigmund
  1837 | D:3      | Killed from afar by Sigmund

Skill      XL: |  1  2  3  4 |
---------------+-------------+-----
Axes           | 3 4 5 |  5.0
Fighting       | |  2.2
Throwing       | |  1.7
Dodging        | |  2.6

Action                   |  1- 3 |  4- 6 || total
-------------------------+-------+-------++-------
Melee: War axe           |   131 |    33 ||   164
 Stab: Sleeping          |     1 |       ||     1
  Eat: Chunk             |    18 |     2 ||    20
Armor: Leather armour    |    35 |       ||    35
       Ring mail         |    21 |    12 ||    33
Dodge: Dodged            |   113 |    20 ||   133
